 Dungeon Crawl Stone Soup version 0.24.0-2-g5b39cebb1c (webtiles) character file.

Game seed: 316741047451913040, levelgen mode: deterministic

4456 hairmachine the Basher (level 10, -8/107 HPs)
             Began as an Ogre Wanderer on Oct 29, 2019.
             Was a Believer of Fedhas.
             Mangled by a two-headed ogre
             ... wielding a +0 giant club
              (14 damage)
             ... on level 7 of the Dungeon on Oct 30, 2019.
             The game lasted 00:36:02 (13869 turns).

hairmachine the Basher (Ogre Wanderer)             Turns: 13869, Time: 00:36:02

Health: -8/107     AC:  8    Str: 19    XL:     10   Next: 37%
Magic:  14/14      EV: 12    Int: 14    God:    Fedhas [**....]
Gold:   15         SH:  0    Dex:  9    Spells: 10/15 levels left

rFire    . . .     SeeInvis .   v - +2 flail (drain)
rCold    . . .     Gourm    .   (no shield)
rNeg     . . .     Faith    .   d - +2 robe
rPois    .         Spirit   .   (helmet restricted)
rElec    .         Reflect  .   A - +2 cloak {MR+}
rCorr    .         Harm     .   (gloves unavailable)
MR       ++...                  (boots unavailable)
Stlth    +.........             a - amulet of rage
HPRegen  0.27/turn              i - +3 ring of evasion
MPRegen  0.14/turn              m - ring of wizardry

@: very heavily drained
A: large, unfitting armour, tough skin 1
a: Wall of Briars, Renounce Religion, Evoke Berserk Rage


You were on level 7 of the Dungeon.
You worshipped Fedhas.
Fedhas was pleased with you.
You were not hungry.

You visited 2 branches of the dungeon, and saw 10 of its levels.

You collected 316 gold pieces.
You spent 301 gold pieces at shops.

Inventory:

Hand Weapons
 v - a +2 flail of draining (weapon)
Missiles
 j - 9 boomerangs (quivered)
 k - 175 stones
 o - 8 javelins
 t - 43 arrows
 y - 4 throwing nets
Armour
 d - a +2 robe (worn)
 A - a +2 cloak of magic resistance (worn)
Jewellery
 a - an amulet of rage (around neck)
 i - a +3 ring of evasion (left hand)
 m - a ring of wizardry (right hand)
Wands
 B - a wand of flame (5)
 E - a wand of random effects (17)
Scrolls
 e - 4 scrolls of immolation
 g - 2 scrolls of fear
 h - a scroll of identify
 l - 2 scrolls of amnesia
 r - 2 scrolls of enchant armour
 s - a scroll of noise {unknown}
 u - a scroll of enchant weapon
 w - a scroll of random uselessness {unknown}
 x - a scroll of teleportation
 D - a scroll of fog {unknown}
Potions
 b - 2 potions of haste
 c - 3 potions of curing
 n - 2 potions of lignification
 q - 2 potions of degeneration
 C - a potion of cancellation
Comestibles
 f - 9 rations
 z - 3 chunks of flesh


   Skills:
 + Level 9.0(5.3) Fighting
 * Level 11.1(7.1) Maces & Flails
 - Level 4.5(1.2) Dodging
 - Level 2.1(0.0) Stealth
 - Level 1.7(0.0) Unarmed Combat
 - Level 3.1(0.0) Spellcasting
 + Level 1.6(0.0) Charms
 - Level 2.0(0.0) Transmutations


You had 10 spell levels left.
You knew the following spells:

 Your Spells              Type           Power        Failure   Level  Hunger
a - Sticks to Snakes      Tmut           #.......     17%         2    ###....
b - Spectral Weapon       Hex/Chrm       #.......     32%         3    ####...

Your spell library contained the following spells:

 Spells                   Type           Power        Failure   Level  Hunger
 Beastly Appendage        Tmut           #.....       12%         1    ##.....
 Infusion                 Chrm           #...         12%         1    ##.....
 Shroud of Golubria       Chrm/Tloc      #.....       17%         2    ###....
 Song of Slaying          Chrm           #.......     17%         2    ###....
 Regeneration             Chrm/Necr      #.........   32%         3    ####...
 Spider Form              Tmut/Pois      #.........   32%         3    ####...
 Ice Form                 Ice/Tmut       #.......     71%         4    #####..
 Blade Hands              Tmut           #.........   95%         5    ######.


Dungeon Overview and Level Annotations

Branches:
Dungeon (9/15)             Temple (1/1) D:5
   Lair: D:8-11         Orc: D:9-12

Altars:
Ashenzari
Cheibriados
Elyvilon
Fedhas
Gozag
Hepliaklqana
Kikubaaqudgha
Makhleb
Nemelex Xobeh
Okawaru
Qazlal
Trog
Vehumet
Wu Jian
Xom
Yredelemnul
Zin
The Shining One

Shops:
D:5 [   D:7 *   D:8 [

Annotations:
D:8 Gastronok, Grum, Maurice
D:9 Erolcha


Innate Abilities, Weirdness & Mutations

You are too large for most types of armour.
You have tough skin. (AC +1)


Message History

The two-headed ogre is moderately wounded.
You hit the two-headed ogre.
The two-headed ogre is moderately wounded.
The two-headed ogre hits you with a +0 giant club!!
* * * LOW HITPOINT WARNING * * *
The two-headed ogre misses you.
You hit the two-headed ogre but do no damage.
You drain the two-headed ogre.
The two-headed ogre is heavily wounded.
The two-headed ogre hits you with a +0 giant club!!
* * * LOW HITPOINT WARNING * * *
The two-headed ogre barely misses you.
You see here a sling bullet.
The two-headed ogre closely misses you. x2
The two-headed ogre seems less drained.
The two-headed ogre hits you with a +0 giant club!
* * * LOW HITPOINT WARNING * * *
The two-headed ogre hits you with a +0 giant club!
You die...
Fedhas appreciates your contribution to the ecosystem.

...#...............#
...#...............#
...#...............#
...#..##.##.#####################
..##..#####'#.......#...#........
..#...#.....#.......#...#........
..#...#.....#....>..#...#........
..#...'.....#.......#...#........
(.#...#.....#...@...#...#........
..###'#######..O....#.###........
..(...............###.#..........
..................#...#..........
..................#...#..........
..................#...#..........
........[.........#...#..........
...........(......#...#..........
...^..######.....##...#.....#####


You could see a two-headed ogre.

Vanquished Creatures
  Pikel (D:6)
  A hippogriff (D:7)
  A hungry ghost (D:7)
  A water moccasin (D:6)
  2 orc warriors
  2 slaves (D:6)
  2 black bears (D:8)
  An ice beast (D:9)
  A phantom (D:7)
  4 ogres
  A sky beast (D:7)
  A wolf (D:7)
  2 centaurs
  3 bullfrogs
  A water moccasin zombie (D:6)
  4 scorpions
  5 wights
  6 killer bees (D:7)
  2 vampire bats (D:7)
  2 howler monkeys
  2 crimson imps
  2 bullfrog zombies
  A centaur zombie (D:6)
  2 jellies (D:7)
  A bullfrog skeleton (D:3)
  A hound (D:8)
  4 orc priests
  A centaur skeleton (D:4)
  3 iguanas
  2 orc wizards
  4 worker ants
  A killer bee zombie (D:8)
  A hound zombie (D:5)
  A hound skeleton (D:5)
  A worker ant zombie (D:7)
  8 gnolls (D:6)
  10 adders
  A shadow imp (D:6)
  An adder zombie (D:8)
  An adder skeleton (D:4)
  3 dart slugs
  3 worms
  31 orcs
  6 giant cockroaches
  8 goblins
  6 hobgoblins
  6 jackals
  5 kobolds
  A quokka (D:5)
  A ball python (D:5)
  7 bats
  A frilled lizard (D:3)
  A leopard gecko skeleton (D:4)
  A quokka zombie (D:8)
  7 rats
178 creatures vanquished.

Vanquished Creatures (collateral kills)
  Joseph (D:7)
  A slave (D:6)
  An orc (D:8)
3 creatures vanquished.

Vanquished Creatures (others)
  An iguana (D:7)
  An orc wizard (D:4)
2 creatures vanquished.

Grand Total: 183 creatures vanquished

Notes
Turn   | Place    | Note
-------+----------+-------------------------------------------
     0 | D:1      | hairmachine the Ogre Wanderer began the quest for the Orb.
     0 | D:1      | hairmachine set off with the following items: a +0 club, a
                  | scroll of teleportation, a potion of curing, a +2 robe, a
                  | +0 dagger, a ration
     0 | D:1      | Reached XP level 1. HP: 16/16 MP: 1/1
   228 | D:1      | Reached skill level 1 in Maces & Flails
   386 | D:1      | Reached skill level 1 in Fighting
   386 | D:1      | Reached XP level 2. HP: 18/27 MP: 2/2
  1266 | D:2      | Reached skill level 2 in Maces & Flails
  1266 | D:2      | Reached XP level 3. HP: 35/35 MP: 3/3
  1574 | D:2      | Found an opulent altar of Gozag.
  2191 | D:3      | Reached XP level 4. HP: 35/44 MP: 4/4
  2385 | D:3      | Reached skill level 3 in Maces & Flails
  2936 | D:4      | Reached XP level 5. HP: 51/53 MP: 5/5
  3110 | D:4      | Noticed an ogre
  3141 | D:3      | Killed an ogre
  3141 | D:3      | Reached skill level 4 in Maces & Flails
  3141 | D:3      | Reached XP level 6. HP: 44/62 MP: 6/6
  3946 | D:5      | Entered Level 5 of the Dungeon
  3961 | D:5      | Reached skill level 5 in Fighting
  3961 | D:5      | Reached skill level 5 in Maces & Flails
  3961 | D:5      | Reached XP level 7. HP: 68/72 MP: 7/7
  4170 | D:5      | Found Dysyam's Armour Shoppe.
  4529 | D:5      | Found a snail-covered altar of Cheibriados.
  4640 | D:5      | Reached skill level 6 in Maces & Flails
  4646 | D:5      | You fall into a shaft and drop 3 floors!
  4686 | D:8      | Noticed Gastronok
  4765 | D:8      | Noticed Grum
  5065 | D:8      | Noticed Maurice
  5067 | D:8      | Found Eneluhud's Armour Shop.
  5072 | D:8      | Noticed a two-headed ogre
  5081 | D:7      | Found Lithi's Luxury Loot.
  5425 | D:7      | Reached XP level 8. HP: 83/83 MP: 8/8
  5519 | D:7      | Reached skill level 7 in Maces & Flails
  6039 | D:7      | Noticed Joseph
  6052 | D:7      | Noticed Pikel
  6092 | D:6      | Reached skill level 8 in Maces & Flails
  6448 | D:5      | Found a staircase to the Ecumenical Temple.
  6465 | Temple   | Entered the Ecumenical Temple
  6474 | Temple   | Became a worshipper of Fedhas Madash
  6634 | D:5      | Learned a level 2 spell: Sticks to Snakes
  7108 | D:5      | Reached skill level 1 in Transmutations
  7197 | D:5      | Learned a level 3 spell: Spectral Weapon
  7311 | D:6      | Reached XP level 9. HP: 49/89 MP: 9/9
  7500 | D:6      | Reached skill level 9 in Maces & Flails
  8251 | D:6      | Reached * piety under Fedhas
  8267 | D:6      | Reached skill level 1 in Spellcasting
  8767 | D:6      | Found a radiant altar of Vehumet.
  9476 | D:5      | Bought a +2 cloak of magic resistance for 301 gold pieces
  9888 | D:6      | Killed Pikel
  9888 | D:6      | Reached skill level 10 in Maces & Flails
 10719 | D:7      | Killed Joseph
 10719 | D:7      | Reached XP level 10. HP: 56/104 MP: 7/14
 11285 | D:7      | Reached ** piety under Fedhas
 11675 | D:7      | Reached skill level 1 in Charms
 12624 | D:8      | Reached skill level 11 in Maces & Flails
 13643 | D:9      | Noticed Erolcha
 13869 | D:7      | Mangled by a two-headed ogre

Levels and vault maps discovered:
D:1:      tarquinn_simple_flora_water_b, layout_loops_cross, minmay_tall_x
D:2:      layout_basic, first_ration, grunt_gozag_statues
D:3:      layout_loops_ring, serial_bayou_lagoon_a
D:4:      layout_layer_cave, nicolae_ossuary_entry_monument,
          minmay_misc_feat_more_columns
D:5:      layout_rooms, minmay_temple_entry_proselytizer, serial_shops,
          kennysheep_mini_moat, basic_altar
D:6:      layout_basic, basic_altar
D:7:      layout_gridville, roderic_batcave, nicolae_alphabet_shops,
          uniq_joseph, uniq_pikel
D:8:      layout_layer_cave, led_sif_book, serial_shops, shop, uniq_grum,
          uniq_maurice, uniq_gastronok
D:9:      layout_stronghold, dancing_weapons_uskayaw,
          gammafunk_temple_overflow_pools, zombieorc2_lemuel,
          serial_column_ruins, column_ruins_grid_1, column_ruins_columns_T,
          column_ruins_open_small, column_ruins_grid_3, column_ruins_grid_3,
          column_ruins_columns_straight, uniq_erolcha
Temple:   nicolae_temple_no_exploring_needed

Skill      XL: |  1  2  3  4  5  6  7  8  9 10 |
---------------+-------------------------------+-----
Maces & Flails | 1 2 3 4 5 6 8 10 11 | 11.1
Fighting       | 1 2 3 4 5 6 8 9 |  9.0
Transmutations | 1 2 |  2.0
Spellcasting   | 3 |  3.1
Charms         | 1 |  1.6
Dodging        | |  4.5
Stealth        | |  2.1
Unarmed Combat | |  1.7

Action                   |  1- 3 |  4- 6 |  7- 9 | 10-12 || total
-------------------------+-------+-------+-------+-------++-------
Melee: Club              |    71 |       |       |       ||    71
       Whip              |    33 |    95 |   545 |   127 ||   800
       Flail             |    56 |    10 |       |    86 ||   152
       Punch             |       |       |     1 |       ||     1
Throw: Boomerang         |       |     1 |     1 |       ||     2
 Cast: Sticks to Snakes  |       |       |    13 |     7 ||    20
Invok: Wall of Briars    |       |       |       |     1 ||     1
Evoke: Wand              |       |       |       |     8 ||     8
  Use: Scroll            |     2 |     1 |    11 |     2 ||    16
       Potion            |       |       |     7 |     1 ||     8
 Stab: Sleeping          |     2 |       |       |     1 ||     3
       Distracted        |       |       |     2 |       ||     2
  Eat: Chunk             |     4 |     5 |    19 |     6 ||    34
       Ration            |       |       |     2 |     2 ||     4
Armor: Robe              |    42 |    13 |   109 |    47 ||   211
       Skin              |       |       |    32 |       ||    32
Dodge: Dodged            |   119 |    55 |   319 |   166 ||   659
